MWL (24 & UNDER)
BARRY'S BAY ORIOLES @ CINCINNATI PRIDE
06/29/2027
 
TOP OF THE 1ST
Barry's Bay Orioles batting - Pitching for Cincinnati Pride : RHP Bart Brown
Pitching: RHP Bart Brown
Batting: LHB Ryan Rheaume 0-0: Ball
1-0: SINGLE (Groundball, 4D)
Batting: SHB Terry Christian 0-0: Swinging Strike
0-1: Foul Ball, location: 2F
0-2: Ball
1-2: Strikes out swinging
Ryan Rheaume steals 2nd base
Batter strikes out.
Batting: LHB José Rodríguez 0-0: Ball
1-0: Foul Ball, location: 2F
1-1: Ball
2-1: SINGLE (Groundball, 4MD)
Ryan Rheaume to third
Runner from 3rd tries for Home, SAFE, no throw
Batting: RHB Jesús Castillo Pickoff Throw to First - Error! E1
José Rodríguez to second
0-0: Called Strike
0-1: Swinging Strike
0-2: Ball
1-2: Foul Ball, location: 2F
1-2: Ball
2-2: Strikes out swinging
Batting: RHB Santiago Rivera 0-0: Called Strike
0-1: Ball
1-1: Foul Ball, location: 2F
1-2: Ground out 5-3 (Groundball, 56)
Top of the 1st over - 1 run(s), 2 hit(s), 1 error(s), 1 left on base; Barry's Bay 1 - Cincinnati 0
BOTTOM OF THE 1ST
Cincinnati Pride batting - Pitching for Barry's Bay Orioles : LHP Miguel Muńíz
Pitching: LHP Miguel Muńíz
Batting: SHB Jaime Martínez 0-0: Ball
1-0: Swinging Strike
1-1: Ground out 5-3 (Groundball, 5L)
Batting: RHB Jorge Silva 0-0: Called Strike
0-1: Ball
1-1: Foul Ball, location: 2F
1-2: Reached on error, E3 (Groundball, 3)
Batting: LHB Gabriel Aragón 0-0: Ball
1-0: Foul Ball, location: 2F
1-1: Called Strike
1-2: Foul Ball, location: 2F
1-2: Ball
2-2: Ball
3-2: Fly out, F8 (Flyball, 8RM)
Batting: RHB Tony Long 0-0: Called Strike
0-1: Ball
1-1: Foul Ball, location: 2F
1-2: Ball
2-2: Foul Ball, location: 2F
2-2: SINGLE (Flyball, 7LS)
Jorge Silva to second
Batting: LHB John Clark 0-0: Ball
1-0: Called Strike
1-1: Swinging Strike
1-2: Strikes out swinging
Bottom of the 1st over - 0 run(s), 1 hit(s), 1 error(s), 2 left on base; Barry's Bay 1 - Cincinnati 0
TOP OF THE 2ND
Barry's Bay Orioles batting - Pitching for Cincinnati Pride : RHP Bart Brown
Batting: RHB Troy González 0-0: Called Strike
0-1: Ball
1-1: Foul Ball, location: 2F
1-2: Ball
2-2: Ball
3-2: Foul Ball, location: 2F
3-2: Strikes out swinging
Batting: RHB Octávio Aldeguer 0-0: Called Strike
0-1: Ball
1-1: Ball
2-1: Ground out 4-3 (Groundball, 4S)
Batting: RHB Bill Pike 0-0: Called Strike
0-1: Ball
1-1: Foul Ball, location: 2F
1-2: Foul Ball, location: 2F
1-2: Ball
2-2: Strikes out swinging
Top of the 2nd over - 0 run(s), 0 hit(s), 0 error(s), 0 left on base; Barry's Bay 1 - Cincinnati 0
BOTTOM OF THE 2ND
Cincinnati Pride batting - Pitching for Barry's Bay Orioles : LHP Miguel Muńíz
Batting: RHB Keith Sheehan 0-0: Called Strike
0-1: Ball
1-1: Swinging Strike
1-2: Foul Ball, location: 2F
1-2: Foul Ball, location: 2F
1-2: Strikes out swinging
Batting: RHB Roger Rush 0-0: Ball
1-0: Ball
2-0: Ball
3-0: Base on Balls
Batting: RHB Gary Miller 0-0: Ball
1-0: Ball
2-0: Ball
3-0: Called Strike
3-1: Base on Balls
Roger Rush to second
Batting: RHB Dave Crawford 0-0: Called Strike
0-1: Called Strike
Roger Rush steals 3rd base
Gary Miller to second
0-2: Ball
1-2: Ball
2-2: Foul Ball, location: 2F
2-2: 3-RUN HOME RUN (Flyball, 7LD), Distance : 350 ft
Batting: SHB Jaime Martínez 0-0: Called Strike
0-1: Fly out, F8 (Flyball, 78S)
Batting: RHB Jorge Silva 0-0: Ball
1-0: SINGLE (Groundball, 6MD)
Batting: LHB Gabriel Aragón 0-0: Ball
1-0: Fly out, F4 (Popup, 4D)
Bottom of the 2nd over - 3 run(s), 2 hit(s), 0 error(s), 1 left on base; Barry's Bay 1 - Cincinnati 3
TOP OF THE 3RD
Barry's Bay Orioles batting - Pitching for Cincinnati Pride : RHP Bart Brown
Batting: RHB Jake Erickson 0-0: Called Strike
0-1: Ball
1-1: Called Strike
1-2: Ball
2-2: Foul Ball, location: 2F
2-2: Strikes out swinging
Batting: LHB Ryan Rheaume 0-0: Called Strike
0-1: Ball
1-1: Foul Ball, location: 2F
1-2: SINGLE (Groundball, 23) (infield hit)
Batting: SHB Terry Christian 0-0: Ball
1-0: Ball
2-0: Foul Ball, location: 2F
2-1: Foul Ball, location: 2F
2-2: Ball
3-2: Fly out, F7 (Line Drive, 78M)
Batting: LHB José Rodríguez 0-0: Ball
1-0: Called Strike
Ryan Rheaume steals 2nd base
1-1: Foul Ball, location: 2F
1-2: Strikes out swinging
Top of the 3rd over - 0 run(s), 1 hit(s), 0 error(s), 1 left on base; Barry's Bay 1 - Cincinnati 3
BOTTOM OF THE 3RD
Cincinnati Pride batting - Pitching for Barry's Bay Orioles : LHP Miguel Muńíz
Batting: RHB Tony Long 0-0: Called Strike
0-1: Ball
1-1: TRIPLE (Line Drive, 9LM)
Batting: LHB John Clark 0-0: Ball
1-0: Ground out 4-3 (Groundball, 34D)
Tony Long scores
Batting: RHB Keith Sheehan 0-0: Called Strike
0-1: Called Strike
0-2: Foul Ball, location: 2F
0-2: Fly out, F9 (Flyball, 9LS)
Batting: RHB Roger Rush 0-0: Called Strike
0-1: Ball
1-1: Foul Ball, location: 2F
1-2: Strikes out swinging
Bottom of the 3rd over - 1 run(s), 1 hit(s), 0 error(s), 0 left on base; Barry's Bay 1 - Cincinnati 4
TOP OF THE 4TH
Barry's Bay Orioles batting - Pitching for Cincinnati Pride : RHP Bart Brown
Batting: RHB Jesús Castillo 0-0: Called Strike
0-1: Ball
1-1: Ball
2-1: Swinging Strike
2-2: Strikes out swinging
Batting: RHB Santiago Rivera 0-0: Ball
1-0: Foul Ball, location: 2F
1-1: Ball
2-1: DOUBLE (Line Drive, 7LM)
Batting: RHB Troy González 0-0: Ground out 5-3 (Groundball, 56S)
Santiago Rivera to third
Batting: RHB Octávio Aldeguer 0-0: Ball
1-0: Ball
2-0: Ball
Passed Ball!
Santiago Rivera scores
3-0: Called Strike
3-1: Called Strike
3-2: Base on Balls
Batting: RHB Bill Pike 0-0: Ball
Throwing error on steal attempt, E2
Octávio Aldeguer to third
1-0: Ball
2-0: Ball
3-0: Called Strike
3-1: Base on Balls
Batting: RHB Jake Erickson 0-0: Foul Ball, location: 2F
0-1: Ball
1-1: Swinging Strike
1-2: Strikes out swinging
Top of the 4th over - 1 run(s), 1 hit(s), 1 error(s), 2 left on base; Barry's Bay 2 - Cincinnati 4
BOTTOM OF THE 4TH
Cincinnati Pride batting - Pitching for Barry's Bay Orioles : LHP Miguel Muńíz
Batting: RHB Gary Miller 0-0: Ball
1-0: Bunt for hit - play at first, batter safe!
Batting: RHB Dave Crawford 0-0: Called Strike
0-1: Foul Ball, location: 2F
0-2: Ball
1-2: Fielders Choice at 2nd, 6-4 (Groundball, 56)
Batting: SHB Jaime Martínez 0-0: Ball
1-0: Swinging Strike
1-1: Ball
2-1: Ball
3-1: Foul Ball, location: 2F
3-2: Strikes out swinging
Dave Crawford steals 2nd base
Batter strikes out.
Batting: RHB Jorge Silva 0-0: Ground out 5-3 (Groundball, 56S)
Bottom of the 4th over - 0 run(s), 1 hit(s), 0 error(s), 1 left on base; Barry's Bay 2 - Cincinnati 4
TOP OF THE 5TH
Barry's Bay Orioles batting - Pitching for Cincinnati Pride : RHP Bart Brown
Batting: LHB Ryan Rheaume 0-0: Called Strike
0-1: Ball
1-1: Foul Ball, location: 2F
1-2: Foul Ball, location: 2F
1-2: Foul Ball, location: 2F
1-2: Strikes out looking
Pitching: RHP Sam Mathis
Batting: SHB Terry Christian 0-0: Foul Ball, location: 2F
0-1: SINGLE (Flyball, 8LM)
Batting: LHB José Rodríguez 0-0: Ball
1-0: Ball
Terry Christian steals 2nd base
2-0: Foul Ball, location: 2F
2-1: Foul Ball, location: 2F
2-2: Foul Ball, location: 2F
2-2: Strikes out looking
Batting: RHB Jesús Castillo 0-0: Foul Ball, location: 2F
0-1: Ball
1-1: Ball
2-1: Called Strike
2-2: Ball
3-2: Strikes out swinging
Top of the 5th over - 0 run(s), 1 hit(s), 0 error(s), 1 left on base; Barry's Bay 2 - Cincinnati 4
BOTTOM OF THE 5TH
Cincinnati Pride batting - Pitching for Barry's Bay Orioles : LHP Miguel Muńíz
Batting: LHB Gabriel Aragón 0-0: Ball
1-0: Foul Ball, location: 2F
1-1: Called Strike
1-2: Foul Ball, location: 2F
1-2: Fly out, F7 (Flyball, 7LSF)
Batting: RHB Tony Long 0-0: SINGLE (Groundball, 56D)
Pitching: LHP Roberto Galaz
Batting: LHB John Clark 0-0: Grounds out, U3 (Groundball, 3L)
Batting: RHB Keith Sheehan 0-0: Ball
1-0: Called Strike
1-1: Ball
2-1: Foul Ball, location: 2F
2-2: Ball
3-2: Base on Balls
Batting: RHB Roger Rush 0-0: SINGLE (Line Drive, 89M)
Tony Long to third
Keith Sheehan to second
Batting: RHB Gary Miller 0-0: Ball
1-0: Swinging Strike
1-1: Swinging Strike
1-2: Foul Ball, location: 2F
1-2: Ball
2-2: Strikes out swinging
Bottom of the 5th over - 0 run(s), 2 hit(s), 0 error(s), 3 left on base; Barry's Bay 2 - Cincinnati 4
TOP OF THE 6TH
Barry's Bay Orioles batting - Pitching for Cincinnati Pride : RHP Sam Mathis
Batting: RHB Santiago Rivera 0-0: Ground out 6-3 (Groundball, 6)
Batting: RHB Troy González 0-0: DOUBLE (Line Drive, 9LS)
Batting: RHB Octávio Aldeguer 0-0: Ball
1-0: Foul Ball, location: 2F
1-1: Ball
2-1: Foul Ball, location: 2F
2-2: Ball
3-2: Base on Balls
Batting: RHB Bill Pike 0-0: Called Strike
0-1: Ball
1-1: 3-RUN HOME RUN (Flyball, 7D), Distance : 388 ft
Pitching: RHP José Bruschy
Batting: RHB Jake Erickson 0-0: Called Strike
0-1: Called Strike
0-2: Fly out, F9 (Flyball, 9S)
Batting: LHB Ryan Rheaume 0-0: SINGLE (Groundball, 4MD)
Batting: SHB Terry Christian 0-0: Ball
Ryan Rheaume steals 2nd base
1-0: Foul Ball, location: 2F
1-1: Ball
2-1: Ball
3-1: Called Strike
3-2: Fly out, F8 (Flyball, 78XD)
Top of the 6th over - 3 run(s), 3 hit(s), 0 error(s), 1 left on base; Barry's Bay 5 - Cincinnati 4
BOTTOM OF THE 6TH
Cincinnati Pride batting - Pitching for Barry's Bay Orioles : LHP Roberto Galaz
Batting: RHB Dave Crawford 0-0: Ground out 6-3 (Groundball, 6)
Batting: SHB Jaime Martínez 0-0: Called Strike
0-1: Ball
1-1: Swinging Strike
1-2: Ball
2-2: Strikes out swinging
Batting: RHB Jorge Silva 0-0: Ground out 4-3 (Groundball, 4)
Bottom of the 6th over - 0 run(s), 0 hit(s), 0 error(s), 0 left on base; Barry's Bay 5 - Cincinnati 4
TOP OF THE 7TH
Barry's Bay Orioles batting - Pitching for Cincinnati Pride : RHP José Bruschy
Batting: LHB José Rodríguez 0-0: Foul Ball, location: 2F
0-1: Ball
1-1: Swinging Strike
1-2: Foul Ball, location: 2F
1-2: SINGLE (Groundball, 34D)
Batting: RHB Jesús Castillo 0-0: Foul Ball, location: 2F
0-1: Ball
1-1: Ball
2-1: Ball
3-1: Called Strike
3-2: Foul Ball, location: 2F
3-2: SINGLE (Line Drive, 78S)
José Rodríguez to second
José Rodríguez to third
Batting: RHB Santiago Rivera 0-0: Ball
1-0: Ball
2-0: Ball
3-0: Base on Balls
Jesús Castillo to second
Batting: RHB Troy González 0-0: Called Strike
0-1: Swinging Strike
0-2: Ball
1-2: Strikes out swinging
Batting: RHB Octávio Aldeguer 0-0: Grounds into fielders choice 4-2 (Groundball, 4)
Jesús Castillo to third
Santiago Rivera to second
Batting: RHB Bill Pike 0-0: SINGLE (Line Drive, 6)
Jesús Castillo scores
Santiago Rivera to third
Octávio Aldeguer to second
Runner from 3rd tries for Home, SAFE, no throw
Pitching: RHP Pedro Ayala
Batting: RHB Jake Erickson 0-0: Called Strike
0-1: SINGLE (Groundball, 6MD)
Octávio Aldeguer to third
Bill Pike to second
Runner from 3rd tries for Home, SAFE, no throw
Batting: LHB Ryan Rheaume 0-0: Ball
1-0: Ball
2-0: Ball
3-0: Called Strike
3-1: Foul Ball, location: 2F
3-2: Base on Balls
Bill Pike to third
Jake Erickson to second
Batting: SHB Terry Christian 0-0: Called Strike
0-1: SINGLE (Groundball, 34D)
Bill Pike scores
Jake Erickson to third
Ryan Rheaume to second
Runner from 3rd tries for Home, SAFE, no throw
Batting: LHB José Rodríguez 0-0: Foul Ball, location: 2F
0-1: Ball
1-1: Ball
2-1: Ball
3-1: Base on Balls
Ryan Rheaume to third
Terry Christian to second
Batting: RHB Jesús Castillo 0-0: Ball
1-0: Ball
2-0: Ball
3-0: Base on Balls
Ryan Rheaume scores
Terry Christian to third
José Rodríguez to second
Batting: RHB Santiago Rivera 0-0: Called Strike
0-1: Foul Ball, location: 2F
0-2: Fly out, F6 (Line Drive, 6M)
Top of the 7th over - 6 run(s), 5 hit(s), 0 error(s), 3 left on base; Barry's Bay 11 - Cincinnati 4
BOTTOM OF THE 7TH
Cincinnati Pride batting - Pitching for Barry's Bay Orioles : LHP Roberto Galaz
Batting: LHB Gabriel Aragón 0-0: Called Strike
0-1: Ball
1-1: Ball
2-1: Called Strike
2-2: Ball
3-2: Strikes out swinging
Batting: RHB Tony Long 0-0: Called Strike
0-1: Called Strike
0-2: Strikes out swinging
Batting: LHB John Clark 0-0: Foul Ball, location: 2F
0-1: Ball
1-1: Foul Ball, location: 2F
1-2: Ball
2-2: Strikes out swinging
Bottom of the 7th over - 0 run(s), 0 hit(s), 0 error(s), 0 left on base; Barry's Bay 11 - Cincinnati 4
TOP OF THE 8TH
Barry's Bay Orioles batting - Pitching for Cincinnati Pride : RHP Pedro Ayala
Batting: RHB Troy González 0-0: Foul Ball, location: 2F
0-1: Ball
1-1: Foul Ball, location: 2F
1-2: Foul Ball, location: 2F
1-2: Strikes out swinging
Batting: RHB Octávio Aldeguer 0-0: Ball
1-0: Ball
2-0: Ball
3-0: Base on Balls
Batting: RHB Bill Pike 0-0: Ball
Octávio Aldeguer is caught stealing 2nd base
1-0: Ball
2-0: Called Strike
2-1: Ground out 6-3 (Groundball, 6)
Top of the 8th over - 0 run(s), 0 hit(s), 0 error(s), 0 left on base; Barry's Bay 11 - Cincinnati 4
BOTTOM OF THE 8TH
Cincinnati Pride batting - Pitching for Barry's Bay Orioles : LHP Roberto Galaz
Pinch Hitting: RHB Álex Hernández 0-0: Ball
1-0: Called Strike
1-1: Fly out, F8 (Flyball, 8RD)
Batting: RHB Roger Rush 0-0: Ball
1-0: Called Strike
1-1: Ball
2-1: Called Strike
2-2: Strikes out swinging
Batting: RHB Gary Miller 0-0: Ball
1-0: Ball
2-0: Called Strike
2-1: Called Strike
2-2: Strikes out swinging
Bottom of the 8th over - 0 run(s), 0 hit(s), 0 error(s), 0 left on base; Barry's Bay 11 - Cincinnati 4
TOP OF THE 9TH
Barry's Bay Orioles batting - Pitching for Cincinnati Pride : RHP Pedro Ayala
Now in RF: Kyle Mathis
Batting: RHB Jake Erickson 0-0: Ball
1-0: SINGLE (Line Drive, 4MD)
Batting: LHB Ryan Rheaume 0-0: Ball
Jake Erickson steals 2nd base
1-0: SINGLE (Line Drive, 9S)
Jake Erickson to third
Runner from 3rd tries for Home, SAFE, no throw
Pitching: LHP José Reyes
Batting: SHB Terry Christian 0-0: Ball
1-0: Ball
2-0: Foul Ball, location: 2F
2-1: Grounds into double play, 4-6-3 (Groundball, 4)
Batting: LHB José Rodríguez 0-0: Ground out U3 (Groundball, 34)
Top of the 9th over - 1 run(s), 2 hit(s), 0 error(s), 0 left on base; Barry's Bay 12 - Cincinnati 4
BOTTOM OF THE 9TH
Cincinnati Pride batting - Pitching for Barry's Bay Orioles : LHP Roberto Galaz
Batting: RHB Dave Crawford 0-0: Ball
1-0: Called Strike
1-1: Swinging Strike
1-2: Ball
2-2: Fly out, F6 (Popup, 6)
Batting: SHB Jaime Martínez 0-0: Ball
1-0: Swinging Strike
1-1: Swinging Strike
1-2: Foul Ball, location: 2F
1-2: Ball
2-2: Strikes out looking
Batting: RHB Jorge Silva 0-0: Ball
1-0: Ball
2-0: Ball
3-0: Base on Balls
Batting: LHB Gabriel Aragón 0-0: Ball
1-0: Ball
2-0: Called Strike
2-1: Ball
3-1: Swinging Strike
3-2: Strikes out swinging
Bottom of the 9th over - 0 run(s), 0 hit(s), 0 error(s), 1 left on base; Barry's Bay 12 - Cincinnati 4
Thursday, March 30th, 2017 - OOTP Baseball 17.12 Build 75